 Dungeon Crawl Stone Soup version 0.31-a0-1178-gc5c9b8f871 (webtiles) character file.

Game seed: 12403771752087375608

75 qw the Shooter (level 4, -1/28 HPs)
             Began as a Gargoyle Hunter on Dec 11, 2023.
             Slain by Sigmund
             ... wielding a +1 scythe of freezing
              (3 damage)
             ... on level 2 of the Dungeon.
             The game lasted 00:00:34 (1443 turns).

qw the Shooter (Gargoyle Hunter)                    Turns: 1443, Time: 00:00:35

Health: -1/28      AC:  8    Str: 14    XL:     4   Next: 31%
Magic:  4/4        EV: 11    Int: 10    God:
Gold:   13         SH:  0    Dex: 15    Spells: 3/3 levels left

rFire   . . .        a - +0 shortbow
rCold   . . .        (shield currently unavailable)
rNeg    + . .        e - +0 ring mail
rPois   inf          (no helmet)
rElec   +            (no cloak)
rCorr   .            (no gloves)
SInv    .            (no boots)
Will    .....        (no amulet)
Stlth   +            (no ring)
HPRegen 0.24/turn    (no ring)
MPRegen 0.09/turn

%: no passive effects
@: no status effects
A: sickness immunity, AC +3, negative energy resistance 1, electricity
resistance, torment resistance 1, petrification resistance
a: no special abilities


You were on level 2 of the Dungeon.
You visited 1 branch of the dungeon, and saw 2 of its levels.

You collected 13 gold pieces.


Innate Abilities, Weirdness & Mutations

You are immune to sickness and miasma.
Your stone body is resilient. (AC +3)
You are immune to poison.
You resist negative energy. (rN+)
You are resistant to electric shocks. (rElec)
You are resistant to unholy torment.
You are immune to petrification.


   Skills:
 - Level 3.1 Fighting
 + Level 5.0 Ranged Weapons
 - Level 1.4 Armour
 - Level 1.5 Dodging
 - Level 1.1 Stealth


You had 3 spell levels left.
You didn't know any spells.
Your spell library was empty.

Inventory:

Hand Weapons
 a - a +0 shortbow (weapon)
Armour
 d - a +0 pair of boots
 e - a +0 ring mail (worn)
Scrolls
 b - a scroll of poison {unknown}
 c - 4 scrolls of identify
 f - a scroll of fog {unknown}
 g - a scroll of revelation {unknown}
Potions
 h - a potion of curing
 j - a potion of might {unknown}

Dungeon Overview and Level Annotations

Branches:
Dungeon (2/15)

Altars:

Shops:
D:2 *

Annotations:
D:2 Sigmund


Message History

Your Fighting skill increases to level 3!
You see here an adder corpse.
Found a stone staircase leading up.
Enter note:
Enter note:
Enter note:
Enter note:
Enter note:
Enter note:
Enter note:
Enter note: Sigmund the Dreaded comes into view.
He is wielding a +1 scythe of freezing.
You shoot an arrow. The arrow hits Sigmund.
Sigmund shouts!
Sigmund is lightly wounded.
You shoot an arrow. The arrow completely misses Sigmund.
Sigmund barely misses you.
You shoot an arrow. The arrow hits Sigmund.
Sigmund is lightly wounded.
You shoot an arrow. The arrow closely misses Sigmund.
Sigmund hits you but does no damage.
You shoot an arrow. The arrow hits Sigmund!
Sigmund is heavily wounded.
Sigmund mumbles some strange words.
Sigmund flickers and vanishes!
Deactivating autopickup; reactivate with Ctrl-A.
You shoot an arrow.
You hear some strange, mumbled words.
A puff of flame appears from out of thin air!
The puff of flame misses you. Something hits you but does no damage.
You shoot an arrow. You shoot an arrow. Something hits you!
Something freezes you.
You shoot an arrow. Something hits you. Something freezes you.
You shoot an arrow. Something hits you. Something freezes you.
You shoot an arrow. Something hits you. Something freezes you.
You die...

#######
......#
......######
##
.[..........
.#
......########
.#
.............#
.#
......######.#
{# ......#
#.####.#
.######
#....@.#
.#######
########
...)...####
..........#
.......##.#
.......##.#
.......##.#
#########.# .#
#.#


There were no monsters in sight!

Vanquished Creatures
  2 adders (D:2)
  A worm (D:2)
  2 dart slugs
  2 endoplasms (D:2)
  3 giant cockroaches
  6 goblins
  6 hobgoblins
  6 jackals (D:2)
  5 kobolds
  3 ball pythons
  4 bats
  2 frilled lizards
  5 rats
47 creatures vanquished.

Notes
Turn   | Place    | Note
-------+----------+-------------------------------------------
     0 | D:1      | qw the Gargoyle Hunter began the quest for the Orb.
     0 | D:1      | Reached XP level 1. HP: 12/12 MP: 1/1
     0 | D:1      | 0 ||| qw: Version: 0.3-a-106-g2cfff9e
     0 | D:1      | 0 ||| qw: Game counter: 1994
     0 | D:1      | 0 ||| qw: Melee chars always use a shield: true
     0 | D:1      | 0 ||| qw: God list: Okawaru
     0 | D:1      | 0 ||| qw: Allow faded altars: false
     0 | D:1      | 0 ||| qw: Do Orc after clearing Dungeon:15 true
     0 | D:1      | 0 ||| qw: Do second Lair branch before Depths: true
     0 | D:1      | 0 ||| qw: Lair rune preference: random
     0 | D:1      | 0 ||| qw: Goals: Normal, Save, Zot:1-4, Win
     0 | D:1      | 0 ||| PLANNING D:1-11
    99 | D:1      | Reached XP level 2. HP: 17/17 MP: 2/2
   715 | D:1      | Reached XP level 3. HP: 21/21 MP: 3/3
   723 | D:1      | 723 ||| UPGRADING to +0 ring mail.
   733 | D:1      | 733 ||| DROPPING +0 leather armour.
   734 | D:1      | 734 ||| READING scroll labelled ZUADDE JATUHELITA.
   738 | D:1      | 738 ||| READING scroll labelled NEKHAM FACVOMI.
   739 | D:1      | 739 ||| READING scroll labelled LAIPHY ACZIENO.
   739 | D:1      | 739 ||| IDENTIFYING brown potion
   740 | D:1      | 740 ||| DRINKING 2 sedimented brown potions.
   792 | D:1      | 792 ||| DROPPING scroll of butterflies.
   793 | D:1      | 793 ||| DROPPING potion of lignification.
   914 | D:2      | Reached skill level 1 in Armour
   927 | D:2      | Reached skill level 5 in Ranged Weapons
  1090 | D:2      | Found Pedoed Rukoa's Assorted Antiques.
  1098 | D:2      | Reached XP level 4. HP: 27/27 MP: 4/4
  1104 | D:2      | 1104 ||| SHOPLISTING cloak (126 gold, have 13).
  1104 | D:2      | 1104 ||| SHOPLISTING potion of curing (84 gold, have 13).
  1104 | D:2      | 1104 ||| SHOPLISTING red potion (25 gold, have 13).
  1104 | D:2      | 1104 ||| SHOPLISTING scroll labelled QANLYU KYASYE (28
                  | gold, have 13).
  1322 | D:2      | Reached skill level 3 in Fighting
  1432 | D:2      | Noticed Sigmund
  1442 | D:2      | HP: 7/28 [something (2)]
  1443 | D:2      | HP: 2/28 [something (6)]
  1443 | D:2      | Slain by Sigmund

Levels and vault maps discovered:
D:1:      onia_arrival_pyramid, layout_basic
D:2:      layout_basic, serial_forest, infiniplex_forest_straight_4,
          infiniplex_forest_clump_curved, infiniplex_forest_clump_double,
          infiniplex_forest_zigzag_1, infiniplex_forest_clump_tiny,
          infiniplex_forest_straight_4, infiniplex_forest_lined_room_2,
          infiniplex_forest_straight_1, infiniplex_forest_clump_small,
          serial_shops, shop, minmay_vboxes, uniq_sigmund

Skill      XL: |  1  2  3  4 |
---------------+-------------+-----
Armour         | 1 |  1.4
Ranged Weapons | 5 |  5.0
Fighting       | 3 |  3.1
Dodging        | |  1.5
Stealth        | |  1.1

Action                     |  1- 3 |  4- 6 || total
---------------------------+-------+-------++-------
   Fire: Shortbow          |   100 |    45 ||   145
    Use: Scroll            |     3 |       ||     3
         Potion            |     1 |       ||     1
 Armour: Leather armour    |     8 |       ||     8
         Ring mail         |     6 |    32 ||    38
  Dodge: Dodged            |    16 |    31 ||    47

Table legend:
 A = Non-vault XP
 B = Vault XP
 C = Vault XP percentage of total XP
 D = Non-vault monster count
 E = Vault monster count
 F = Vault count percentage of total count
                 A         B        C        D         E       F
            +---------+---------+-------+---------+---------+-------
      Total |      86 |      22 |  20.4 |      40 |       7 |  14.9
            +---------+---------+-------+---------+---------+-------
        D:1 |      34 |       0 |   0.0 |      20 |       0 |   0.0
        D:2 |      52 |      22 |  29.7 |      20 |       7 |  25.9
            +---------+---------+-------+---------+---------+-------
